 Dungeon Crawl Stone Soup version 0.29.1-15-g9cfb28693d (webtiles) character file.

Game seed: 14801094039019334725

1436 KittyFluff the Basher (level 8, 0/51 HPs)
             Began as a Gargoyle Berserker on Apr 16, 2023.
             Was a Priest of Trog.
             Slain by Maggie
             ... wielding a +0 morningstar
              (10 damage)
             ... on level 6 of the Dungeon.
             The game lasted 00:20:09 (5138 turns).

KittyFluff the Basher (Gargoyle Berserker)          Turns: 5138, Time: 00:20:09

Health: 0/51       AC: 21    Str: 22    XL:     8   Next: 73%
Magic:  8/8        EV: 12    Int:  7    God:    Trog [***...]
Gold:   212        SH:  3    Dex: 11    Spells: 7/7 levels left

rFire   . . .      SeeInvis .   q - +2 flail (protect)
rCold   + . .      Faith    .   A - +0 buckler
rNeg    + . .      Spirit   .   C - +0 leather armour
rPois   ∞          Reflect  .   (no helmet)
rElec   +          Harm     .   (no cloak)
rCorr   .          Rampage  .   v - +0 pair of gloves
Will    .....                   (no boots)
Stlth   ++........              (no amulet)
HPRegen 0.17/turn               l - ring of protection from cold
MPRegen 0.11/turn               a - +4 ring of protection

@: under a protective aura, mesmerised
A: sickness immunity, AC +5, negative energy resistance 1, electricity
resistance, torment resistance 1, petrification resistance
a: Renounce Religion, Berserk, Trog's Hand


You were on level 6 of the Dungeon.
You worshipped Trog.
Trog was most pleased with you.
You visited 1 branch of the dungeon, and saw 6 of its levels.

You collected 212 gold pieces.

Inventory:

Hand Weapons
 o - a +2 quarterstaff of draining
 q - a +2 flail of protection (weapon)
 u - a +2 whip of electrocution
Missiles
 e - 5 boomerangs (quivered)
 m - 17 stones
Armour
 v - a +0 pair of gloves (worn)
 A - a +0 buckler (worn)
 C - a +0 leather armour (worn)
Jewellery
 a - a +4 ring of protection (right hand)
 l - a ring of protection from cold (left hand)
Wands
 s - a wand of paralysis (16)
 t - a wand of flame (19)
 B - a wand of quicksilver (5)
Scrolls
 g - 3 scrolls of fear {unknown}
 h - a scroll of amnesia {unknown}
 k - 2 scrolls of poison {unknown}
 n - 2 scrolls of fog {unknown}
 p - a scroll of immolation {unknown}
 r - 4 scrolls of teleportation {unknown}
 w - a scroll of enchant weapon {unknown}
 x - a scroll of vulnerability {unknown}
 y - a scroll of noise {unknown}
Potions
 b - a potion of flight {unknown}
 c - 3 potions of curing
 d - a potion of cancellation
 f - a potion of berserk rage
 i - 2 potions of lignification
 j - 2 potions of magic
 z - a potion of resistance


   Skills:
 + Level 5.9 Fighting
 + Level 8.3 Maces & Flails
 + Level 2.5 Armour
 + Level 4.0 Dodging
 + Level 3.3 Stealth


You had 7 spell levels left.
You didn't know any spells.
Your spell library was empty.

Dungeon Overview and Level Annotations

Branches:
Dungeon (6/15)             Temple (0/1) D:6

Altars:
Hepliaklqana
Makhleb

Shops:
D:4 :

Annotations:
D:6 Maggie


Innate Abilities, Weirdness & Mutations

You are immune to sickness and miasma.
Your stone body is resilient. (AC +5)
You are immune to poison.
You resist negative energy. (rN+)
You are resistant to electric shocks. (rElec)
You are resistant to unholy torment.
You are immune to petrification.


Message History

Maggie is heavily wounded.
Maggie hits you with a +0 morningstar. The adder closely misses you.
You hit Maggie.
Maggie is severely wounded.
The adder bites you but does no damage.
Maggie casts a spell.
Maggie attempts to bespell you!
You are mesmerised by Maggie!
The adder closely misses you.
You closely miss Maggie.
Maggie is severely wounded.
Maggie hits you with a +0 morningstar!
* * * LOW HITPOINT WARNING * * *
The adder bites you but does no damage.
You sock Maggie!
Maggie is almost dead.
Maggie closely misses you. The adder bites you but does no damage.
You hit Maggie.
Maggie is almost dead.
The adder bites you.
* * * LOW HITPOINT WARNING * * *
Maggie casts a spell at you. The bolt of fire misses you.
You block the adder's attack.
You closely miss Maggie.
Maggie is almost dead.
Maggie casts a spell.
Maggie draws you further into her thrall.
The adder barely misses you.
You barely miss Maggie.
Maggie is almost dead.
Maggie barely misses you. The adder bites you but does no damage.
You barely miss Maggie.
Maggie is almost dead.
The adder bites you.
* * * LOW HITPOINT WARNING * * *
Maggie closely misses you. The adder bites you but does no damage.
You hit Maggie but do no damage.
Maggie is almost dead.
Maggie hits you with a +0 morningstar!
You die...

#######.## #.....<.#
# ## #######.# ..
#.### #.# ...##§..#
#.# ..#...§§##
#.##### ≈...≈§§§.#
##.....#
..≈....≈.####..###.#
≈...≈.@@......##
...§..≈S§.#####
.§.≈.§.§...#
.....≈...≈.#
..≈....≈...#
.....≈...≈.#
.≈.≈.......#
......≈.§.##


You could see Maggie (mesmerising) and an adder.

Vanquished Creatures
  Pikel (D:4)
  A black bear (D:4)
  A water moccasin (D:5)
  An ice beast (D:5)
  An ogre (D:5)
  A bullfrog (D:6)
  A gnoll sergeant (D:6)
  2 scorpions
  2 hounds
  2 jellies (D:5)
  Ijyb (D:5)
  2 iguanas
  3 gnolls (D:6)
  6 adders
  2 shadow imps (D:5)
  An ufetubus (D:4)
  5 worms
  A dart slug (D:1)
  10 orcs
  7 ball pythons
  4 endoplasms
  5 giant cockroaches
  6 goblins
  4 hobgoblins
  2 jackals (D:4)
  2 frilled lizards
  5 kobolds
  2 rats (D:1)
81 creatures vanquished.

Notes
Turn   | Place    | Note
-------+----------+-------------------------------------------
     0 | D:1      | KittyFluff the Gargoyle Berserker began the quest for the
                  | Orb.
     0 | D:1      | Reached XP level 1. HP: 14/14 MP: 1/1
   130 | D:1      | Reached XP level 2. HP: 12/19 MP: 2/2
   283 | D:1      | Found a faded altar of an unknown god.
   650 | D:2      | Reached XP level 3. HP: 17/24 MP: 3/3
  1739 | D:3      | Reached ** piety under Trog
  1783 | D:3      | Reached XP level 4. HP: 22/29 MP: 4/4
  2325 | D:4      | Found Awuray's Book Emporium.
  2521 | D:4      | Found a burning altar of Makhleb.
  2692 | D:4      | Reached skill level 4 in Maces & Flails
  2692 | D:4      | Reached skill level 1 in Stealth
  2865 | D:4      | Reached XP level 5. HP: 30/33 MP: 5/5
  2886 | D:4      | Noticed Pikel
  2886 | D:4      | Noticed a lemure
  2886 | D:4      | Noticed a lemure
  2886 | D:4      | Noticed a lemure
  2887 | D:4      | Noticed a lemure
  2895 | D:4      | Killed Pikel
  2896 | D:4      | Reached skill level 6 in Maces & Flails
  2896 | D:4      | Reached XP level 6. HP: 30/40 MP: 6/6
  2896 | D:4      | Reached XP level 7. HP: 33/44 MP: 7/7
  3012 | D:4      | Reached skill level 5 in Fighting
  3516 | D:4      | Found a hazy altar of Hepliaklqana.
  3624 | D:5      | Entered Level 5 of the Dungeon
  3811 | D:5      | Reached skill level 7 in Maces & Flails
  3811 | D:5      | Reached XP level 8. HP: 28/50 MP: 8/8
  4608 | D:5      | Noticed Ijyb
  4618 | D:5      | Killed Ijyb
  4832 | D:6      | Found a staircase to the Ecumenical Temple.
  4894 | D:6      | Reached skill level 8 in Maces & Flails
  4903 | D:6      | Reached *** piety under Trog
  5110 | D:6      | Noticed Maggie
  5138 | D:6      | Slain by Maggie

Illustrated notes

Levels and vault maps discovered:
D:1:      dpeg_arrival_stonehenge_12_columns, layout_loops_ring,
          chequers_ecumenical_altar_simple
D:2:      layout_loops_corners, chequers_decorated_corner
D:3:      cheibrodos_greedy_goblins, layout_basic
D:4:      layout_loops_ring, nicolae_hepliaklqana_hippocampus,
          lemuel_doored_altar, serial_shops, shop, uniq_pikel
D:5:      layout_basic, grunt_decor_one_mirror, uniq_ijyb
D:6:      layout_loops_ring, kennysheep_slug_shrine,
          minmay_temple_entry_large_hall, nicolae_kite_square_tiling_tiny,
          item_on_display_a, uniq_crazy_yiuf_cottage, uniq_maggie

Skill      XL: |  1  2  3  4  5  6  7  8 |
---------------+-------------------------+-----
Dodging        | 2 3 4 |  4.0
Maces & Flails | 4 6 7 8 |  8.3
Stealth        | 1 2 3 |  3.3
Fighting       | 4 5 |  5.9
Armour         | |  2.5

Action                   |  1- 3 |  4- 6 |  7- 9 || total
-------------------------+-------+-------+-------++-------
Melee: Mace              |   113 |     9 |       ||   122
       Punch             |     3 |     1 |     2 ||     6
       Flail             |       |    46 |   170 ||   216
Throw: Boomerang         |       |       |     2 ||     2
  Use: Scroll            |     5 |     1 |     2 ||     8
 Stab: Sleeping          |     1 |       |     4 ||     5
Armor: Animal skin       |    42 |    16 |    59 ||   117
       Leather armour    |       |       |    40 ||    40
Dodge: Dodged            |    59 |    38 |   130 ||   227
Block: Buckler           |       |       |     3 ||     3
